 Dungeon Crawl Stone Soup version 0.31-a0-654-gbe3e110b4e (webtiles) character file.

Game seed: 10508611503333483899

1356 NerdlingAK the Slasher (level 8, -1/71 HPs)
             Began as a Green Draconian Chaos Knight on Aug 29, 2023.
             Was a Plaything of Xom.
             Slain by a sun demon (9 damage)
             ... summoned by Xom
             ... on level 5 of the Dungeon on Aug 30, 2023.
             The game lasted 00:36:39 (4062 turns).

NerdlingAK the Slasher (DrCK)                       Turns: 4062, Time: 00:36:39

Health: -1/71      AC: 10    Str: 17    XL:     8   Next: 37%
Magic:  11/11      EV: 13    Int: 11    God:    Xom [......]
Gold:   693        SH:  0    Dex: 10    Spells: 6/11 levels left

rFire   . . .        w - +1 glaive of Tiobulig {heavy, +Blink Will+ rCorr}
rCold   . . .        (shield currently unavailable)
rNeg    . . .        (body armour unavailable)
rPois   +            (helmet restricted)
rElec   .            (no cloak)
rCorr   +            (no gloves)
SInv    .            (no boots)
Will    +....        c - amulet of regeneration
Stlth   ++           p - +4 ring of protection
HPRegen 1.11/turn    i - ring of flight
MPRegen 0.12/turn

%: no passive effects
@: flying, slowed, very slow
A: breathe noxious fumes, AC +6, unfitting armour, poison resistance,
cold-blooded, talons 1, dopey 1
a: Breathe Noxious Fumes, Renounce Religion, Evoke Blink


You were on level 5 of the Dungeon.
You worshipped Xom.
You were a very special plaything of Xom.
You visited 1 branch of the dungeon, and saw 5 of its levels.

You collected 1279 gold pieces.
You spent 586 gold pieces at shops.

Inventory:

Hand Weapons
 a - a +2 falchion of chaos
 n - a +2 war axe of electrocution
 v - a +1 flail of holy wrath
 w - the +1 glaive of Tiobulig (weapon) {heavy, +Blink Will+ rCorr}
   (You bought it in a shop on level 5 of the Dungeon)

   Will+:     It increases your willpower.
   +Blink:    It lets you blink.
   rCorr:     It protects you from acid and corrosion.
Missiles
 d - 8 poisoned darts
Armour
 e - a +0 chain mail
 l - a +1 robe of cold resistance
Jewellery
 c - an amulet of regeneration (around neck)
 i - a ring of flight (right hand)
 j - a +6 ring of dexterity
 p - a +4 ring of protection (left hand)
 u - a ring of positive energy
Talismans
 f - a flux talisman
Wands
 o - a wand of paralysis (12)
 s - a wand of flame (13)
Scrolls
 b - a scroll of butterflies
 g - a scroll of fog
 h - 2 scrolls of fear
 m - a scroll of noise
 t - 3 scrolls of identify
Potions
 k - 4 potions of curing
 q - a potion of brilliance
 r - a potion of mutation


   Skills:
 + Level 6.4 Fighting
 + Level 7.2 Long Blades
 + Level 4.5 Dodging
 + Level 1.6 Stealth
 + Level 2.0 Spellcasting
 + Level 1.0 Conjurations
 + Level 1.3 Translocations
 + Level 0.9 Evocations


You had 6 spell levels left.
You knew the following spells:

 Your Spells              Type           Power      Damage    Failure   Level
a - Momentum Strike       Conj/Tloc      6%         3d8       28%         2
b - Gell's Gravitas       Tloc           4%         N/A       45%         3

Your spell library contained the following spells:

 Spells                   Type           Power      Damage    Failure   Level
 Blink                    Tloc           8%         N/A       26%         2
 Lesser Beckoning         Tloc           8%         N/A       26%         2
 Teleport Other           Tloc           4%         N/A       45%         3
 Tukima's Dance           Hex            1%         N/A       65%         3
 Passage of Golubria      Tloc           4%         N/A       86%         4
 Yara's Violent Unravell  Hex/Tmut       0%         3d3       100%        5
 Dispersal                Tloc           2%         N/A       100%        6


Dungeon Overview and Level Annotations

Branches:
Dungeon (5/15)             Temple (0/1) D:5

Altars:
Fedhas
Makhleb
Zin

Shops:
D:5 (


Innate Abilities, Weirdness & Mutations

You can breathe blasts of noxious fumes.
Your lurid green scales are hard. (AC +6)
You cannot fit into any form of body armour.
Your system is resistant to poisons. (rPois)
You are cold-blooded and may be slowed by cold attacks.
You have sharp toenails.
You are dopey. (Int -2)


Message History

Thank you for shopping at Tierieb's Weapon Shop!
w - the +1 glaive of Tiobulig (weapon)
{heavy, +Blink Will+ rCorr} Done exploring. "Time to have some fun!"
You closely miss the shadow imp. The quasit closely misses you.
The quasit claws you but does no damage. x2
The shadow imp hits you but does no damage.
The orange demon stings you but does no damage.
The chaos spawn closely misses you.
The quasit bites you but does no damage.
The quasit claws you but does no damage.
The quasit barely misses you. The sun demon barely misses you.
The shadow imp hits you but does no damage.
The chaos spawn closely misses you. The orange demon stings you from afar.
The quasit bites you but does no damage.
The quasit barely misses you.
The quasit claws you but does no damage.
The sun demon hits you!!
You are engulfed in flames!!
You closely miss the sun demon.
You claw the sun demon, but do no damage.
Your tail-slap misses the sun demon.
The quasit bites you but does no damage.
The quasit barely misses you.
The quasit claws you but does no damage.
The shadow imp gestures at you. Pain shoots through your body!
The orange demon stings you from afar.
The chaos spawn gores you but does no damage.
The sun demon closely misses you. The quasit bites you.
The quasit claws you but does no damage. x2
The shadow imp barely misses you. The sun demon closely misses you.
The chaos spawn gores you.
* * * LOW HITPOINT WARNING * * *
The chaos spawn freezes you!
You feel yourself slow down.
* * * LOW HITPOINT WARNING * * *
The orange demon misses you. The quasit bites you.
* * * LOW HITPOINT WARNING * * *
The quasit completely misses you. The quasit closely misses you.
The sun demon hits you!
You die... "Huh?
Did I miss anything?"

#.#.#### #......##
###.#...###### #...........#
##### #######.#....# #...#
#.......#....#
#.#.#######.#######....###
#.####...4..# #.......
#.#.....5@3.# ###.....##
#.#.#.....5.## #....#.<..
#...#....#.4.####.#.##....
#####.†..#.#......#....#..
#######.#....#......####.#..
#.......######......# ##.#..
#.......# #......# #.....
#.......######.####.###.###.
##......#...∩#......##......


You could see a sun demon (summoned), an orange demon (summoned), a chaos spawn
(summoned), a quasit (summoned) and a shadow imp (summoned).

Vanquished Creatures
  Sigmund (D:2)
  A water moccasin (D:5)
  A black bear (D:5)
  An ogre (D:5)
  A scorpion (D:5)
  A howler monkey (D:5)
  2 hounds (D:5)
  A jelly (D:4)
  8 orc priests
  Natasha (twice) (D:2)
  5 orc wizards
  9 gnolls
  9 adders
  A shadow imp (D:5)
  2 ufetubi (D:5)
  2 dart slugs (D:5)
  26 orcs
  10 endoplasms
  A giant cockroach (D:5)
  6 goblins
  3 hobgoblins
  8 jackals
  3 kobolds
  6 quokkas
  4 ball pythons
  6 bats
  7 frilled lizards
  2 rats
129 creatures vanquished.

Vanquished Creatures (collateral kills)
  A hobgoblin (D:4)
1 creature vanquished.

Vanquished Creatures (others)
  A jackal zombie (D:2)
1 creature vanquished.

Grand Total: 131 creatures vanquished

Notes
Turn   | Place    | Note
-------+----------+-------------------------------------------
     0 | D:1      | NerdlingAK the Draconian Chaos Knight began the quest for
                  | the Orb.
     0 | D:1      | Reached XP level 1. HP: 19/19 MP: 1/1
   172 | D:1      | Reached XP level 2. HP: 26/26 MP: 2/2
   226 | D:1      | XOM: cloud trail
   730 | D:2      | Noticed Natasha
   732 | D:2      | XOM: silly message
   734 | D:2      | Killed Natasha
   735 | D:2      | Reached XP level 3. HP: 24/33 MP: 3/3
   827 | D:2      | XOM: potion effect (might)
  1046 | D:2      | Reached XP level 4. HP: 40/40 MP: 4/4
  1093 | D:2      | Found a faded altar of an unknown god.
  1096 | D:2      | Noticed Natasha
  1102 | D:2      | XOM: potion effect (berserk rage)
  1103 | D:2      | Killed Natasha
  1104 | D:2      | Reached skill level 4 in Long Blades
  1112 | D:2      | XOM: divination: detect items
  1140 | D:2      | XOM: divination: magic mapping
  1310 | D:2      | Learned a level 2 spell: Momentum Strike
  1551 | D:2      | Noticed Sigmund
  1556 | D:2      | XOM: divination: magic mapping
  1565 | D:2      | Killed Sigmund
  1566 | D:2      | Reached XP level 5. HP: 28/47 MP: 2/5
  1709 | D:2      | XOM is BORED!
  1719 | D:3      | XOM: noise
  1730 | D:3      | Reached XP level 6. HP: 54/55 MP: 6/6
  1755 | D:3      | Identified a scroll of acquirement
  1756 | D:3      | Acquired 413 gold pieces
  1786 | D:3      | Reached skill level 5 in Long Blades
  1817 | D:3      | XOM: noise
  1837 | D:3      | XOM: god gift: 541 gold pieces
  1983 | D:3      | Reached skill level 1 in Spellcasting
  1983 | D:3      | XOM: smoke on damage
  2153 | D:3      | XOM: summons 3 hostile shadow creatures
  2472 | D:4      | Reached skill level 5 in Fighting
  2656 | D:4      | Your scales start taking on a lurid green colour.
  2656 | D:4      | Reached XP level 7. HP: 61/61 MP: 5/8
  2656 | D:4      | Gained mutation: Your system is resistant to poisons.
                  | (rPois) [Green Draconian growth]
  3227 | D:4      | XOM: give mutation
  3227 | D:4      | Gained mutation: You have sharp toenails. [Xom's grace]
  3241 | D:5      | Entered Level 5 of the Dungeon
  3250 | D:5      | XOM: confuse monster(s)
  3260 | D:5      | Reached skill level 6 in Long Blades
  3260 | D:5      | Reached skill level 1 in Stealth
  3260 | D:5      | Reached skill level 1 in Conjurations
  3260 | D:5      | Reached skill level 1 in Translocations
  3266 | D:5      | Learned a level 3 spell: Gell's Gravitas
  3267 | D:5      | XOM: 2-stop teleportation journey
  3380 | D:5      | Found a burning altar of Makhleb.
  3398 | D:5      | XOM: polymorph orc -> adder
  3464 | D:5      | XOM: polymorph orc wizard -> howler monkey
  3474 | D:5      | XOM: blink monster(s)
  3478 | D:5      | Reached XP level 8. HP: 59/70 MP: 10/10
  3526 | D:5      | Found a glowing silver altar of Zin.
  3526 | D:5      | Noticed an angel
  3526 | D:5      | Noticed a blizzard demon
  3720 | D:5      | XOM: give mutation
  3720 | D:5      | Gained mutation: You are dopey. (Int -2) [Xom's mischief]
  3722 | D:5      | Reached skill level 7 in Long Blades
  3831 | D:5      | Found a staircase to the Ecumenical Temple.
  3831 | D:5      | XOM: 4-stop teleportation journey
  3966 | D:5      | Found a blossoming altar of Fedhas.
  3973 | D:5      | Found Tierieb's Weapon Shop.
  3978 | D:5      | Bought the +1 glaive of Tiobulig {heavy, +Blink Will+
                  | rCorr} for 586 gold pieces
  4060 | D:5      | XOM: summons 5 hostile demons
  4061 | D:5      | Noticed a sun demon
  4061 | D:5      | Noticed an orange demon
  4062 | D:5      | Slain by a sun demon

Illustrated notes

Levels and vault maps discovered:
D:1:      ncdulo_smallfort, layout_loops_ring
D:2:      layout_loops_corners, shapermc_ecumenical_altar_mp_urbaneastern,
          uniq_natasha, uniq_sigmund
D:3:      layout_basic, nicolae_eternal_life,
          nicolae_concentric_dashed_squares_mild, nrook_mini_vaults
D:4:      layout_loops_ring, st_stairs_12
D:5:      layout_basic, nicolae_overflow_hidden_temple,
          grunt_temple_overflow_order_and_chaos_2,
          minmay_temple_entry_overgrown, serial_shops, shop,
          minmay_joined_circles

Skill      XL: |  1  2  3  4  5  6  7  8 |
---------------+-------------------------+-----
Fighting       | 4 5 6 |  6.4
Long Blades    | 4 5 6 7 |  7.2
Dodging        | 3 4 |  4.5
Spellcasting   | 1 2 |  2.0
Stealth        | 1 |  1.6
Conjurations   | 1 |  1.0
Translocations | 1 |  1.3
Evocations     | |  0.9

Action                     |  1- 3 |  4- 6 |  7- 9 || total
---------------------------+-------+-------+-------++-------
  Melee: Falchion          |    79 |   121 |   150 ||   350
         Tailslap          |     2 |    16 |    16 ||    34
         Kick              |       |       |    33 ||    33
         Punch             |       |       |     3 ||     3
         Glaive            |       |       |     2 ||     2
   Cast: Momentum Strike   |       |    10 |     1 ||    11
         Gell's Gravitas   |       |       |     2 ||     2
Ability: Breathe Noxious F |       |       |     6 ||     6
  Evoke: Wand              |       |       |     1 ||     1
    Use: Scroll            |     6 |     6 |     2 ||    14
         Potion            |     4 |     3 |     2 ||     9
   Stab: Confused          |       |       |     2 ||     2
         Sleeping          |       |       |     1 ||     1
 Armour: Skin              |    28 |    41 |   150 ||   219
  Dodge: Dodged            |    56 |    80 |    95 ||   231

Table legend: (Time is in decaauts)
 A = Elapsed time spent in this place.
 B = Non-inter-level travel time spent in this place.
 C = Inter-level travel time spent in this place.
 D = Time resting spent in this place.
 E = Time spent auto-exploring this place.
 F = Levels seen in this place.
 G = Mean time per level.
                   A        B        C        D        E       F      G
               +--------+--------+--------+--------+--------+-----+--------+
         Total |   4083 |   4083 |      0 |    220 |   2122 |   5 |  816.6 |
       Dungeon |   4083 |   4083 |      0 |    220 |   2122 |   5 |  816.6 |
               +--------+--------+--------+--------+--------+-----+--------+

Top non-repeatable levels by time:
     D:2: 1013 daAuts
     D:5: 818 daAuts
     D:4: 776 daAuts
     D:3: 753 daAuts
     D:1: 721 daAuts
